 Dungeon Crawl Stone Soup version 0.17-a0-1996-gd2c0ec8 (webtiles) character file.

25 graki42 the Conjurer (level 3, 19/19 HPs)
             Began as a Tengu Conjurer on Oct 7, 2015.
             Quit the game on level 2 of the Dungeon.
             The game lasted 00:03:15 (574 turns).

graki42 the Conjurer (Tengu Conjurer)                Turns: 574, Time: 00:03:16

Health: 19/19      AC:  2    Str:  8    XL:     3   Next: 6%
Magic:  2/7        EV: 12    Int: 16    God:
Gold:   20         SH:  0    Dex: 14    Spells: 2 memorised, 2 levels left

rFire  . . .     SeeInvis .     (no weapon)
rCold  . . .     Clarity  .     a - +0 robe
rNeg   . . .     SustAt   .     (no shield)
rPois  .         Gourm    .     (helmet restricted)
rElec  .         Spirit   .     (no cloak)
rCorr  .         Warding  .     (no gloves)
rMut   .         Stasis   .     (boots unavailable)
MR     .....                    (no amulet)
Stlth  ++........               (no ring)
                                (no ring)

@: not resistant to hostile enchantments, unstealthy
A: beak, talons 3
a: no special abilities


You were on level 2 of the Dungeon.
You were not hungry.

You visited 1 branch of the dungeon, and saw 2 of its levels.

You collected 20 gold pieces.

Inventory:

Armour
 a - a +0 robe (worn)
Scrolls
 d - 3 scrolls of teleportation {unknown}
 f - a scroll of fear {unknown}
 i - a scroll of fog {unknown}
Potions
 e - a potion of mutation {unknown}
 g - a potion of ambrosia {unknown}
Books
 b - a book of Conjurations

   Spells                             Type                      Level
   a - Magic Dart                     Conjuration                  1
   b - Searing Ray                    Conjuration                  2
   c - Dazzling Spray                 Conjuration/Hexes            3
   d - Fulminant Prism                Conjuration/Hexes            4
   e - Iskenderun's Mystic Blast      Conjuration                  4
   f - Iskenderun's Battlesphere      Conjuration/Charms           5
Comestibles
 c - a bread ration
 h - 2 meat rations
 j - a slice of pizza


   Skills:
 - Level 2.1 Dodging
 - Level 2.0 Stealth
 + Level 2.2 Spellcasting
 + Level 6.3 Conjurations


You had 2 spell levels left.
You knew the following spells:

 Your Spells              Type           Power        Failure   Level  Hunger
a - Magic Dart            Conj           ###.         1%          1    #......
b - Dazzling Spray        Conj/Hex       ##......     17%         3    ###....


Dungeon Overview and Level Annotations

Branches:
Dungeon (2/15)

Altars:


Innate Abilities, Weirdness & Mutations

You have a beak for a mouth.
You have claws for feet.


Message History

Casting: Magic Dart
Confirm with . or Enter, or press ? or * to list all spells.
Aiming: Magic Dart
Press: ? - help, Shift-Dir - straight line, f/p - rat
Aim: a rat (moderately wounded)
The magic dart hits the rat.
The rat is severely wounded.
Casting: Magic Dart
Confirm with . or Enter, or press ? or * to list all spells.
Aiming: Magic Dart
Press: ? - help, Shift-Dir - straight line, f/p - rat
Aim: a rat (severely wounded)
The magic dart hits the rat.
You kill the rat!
Memorise Dazzling Spray, consuming 3 spell levels and leaving 2?
You start memorising the spell.
You continue memorising.
You continue memorising. x2
You finish memorising.
Spell assigned to 'b'.
An adder comes into view.
Are you sure you want to abandon this character and quit the game? (Confirm with "yes".)

#. ###. .....
##+#####. .....
#........ ......
#(.......
......##........
#...............
#......<@$...S..
#.......#+######
#..†.....
###+##+###


You could see an adder.

Vanquished Creatures
  2 giant geckos
  3 bats (D:1)
  A giant cockroach (D:1)
  5 goblins (D:1)
  3 hobgoblins (D:1)
  A ball python (D:1)
  2 kobolds (D:1)
  6 rats
23 creatures vanquished.

Notes
Turn   | Place    | Note
--------------------------------------------------------------
     0 | D:1      | graki42 the Tengu Conjurer began the quest for the Orb.
     0 | D:1      | Reached XP level 1. HP: 10/10 MP: 4/4
     0 | D:1      | Noticed a spriggan skeleton
     2 | D:1      | Noticed a merfolk zombie
     4 | D:1      | Noticed a draconian zombie
     5 | D:1      | Noticed a troll zombie
     7 | D:1      | Noticed a naga
     8 | D:1      | Noticed a vine stalker skeleton
    10 | D:1      | Noticed a dwarf
    12 | D:1      | Noticed a draconian skeleton
    14 | D:1      | Noticed a spriggan zombie
    14 | D:1      | Noticed an elf zombie
    14 | D:1      | Noticed a draconian
    16 | D:1      | Noticed a draconian
    18 | D:1      | Noticed a minotaur zombie
    21 | D:1      | Noticed a minotaur zombie
   190 | D:1      | Reached XP level 2. HP: 10/15 MP: 0/6
   483 | D:1      | Reached skill level 6 in Conjurations
   565 | D:2      | Reached XP level 3. HP: 19/19 MP: 4/7
   573 | D:2      | Learned a level 3 spell: Dazzling Spray
   574 | D:2      | Quit the game

Vault maps used:
D:1:      shiori_arrival_whats_in_store_for_you, minmay_misc_feat_doors

Action                   || total
-------------------------++-------
Melee: Unarmed           ||    24
 Cast: Magic Dart        ||    36
 Stab: Sleeping          ||     1
